 Dungeon Sprint DCSS version 0.29.1-12-g30fa7ad0bf (webtiles) character file.

Game seed: 8815702010946643086

1100000 sanboga the Warrior (level 11, -8/116 HPs)
             Began as a Green Draconian Monk on Dec 30, 2022.
             Was a Priest of Makhleb.
             Mangled by a meat berserker
             ... wielding a +9 battleaxe
              (39 damage)
             ... in the Dungeon (Sprint VIII: "Arena of Blood").
             The game lasted 00:00:33 (11 turns).

sanboga the Warrior (Green Draconian Monk)            Turns: 11, Time: 00:00:33

Health: -8/116     AC:  7    Str: 14    XL:     11   Next: 78%
Magic:  11/11      EV: 21    Int: 10    God:    Makhleb [***...]
Gold:   0          SH:  0    Dex: 18    Spells: 10/10 levels left

rFire   . . .      SeeInvis .   h - +∞ Axe of Woe
rCold   . . .      Faith    .   (shield currently unavailable)
rNeg    . . .      Spirit   .   (body armour unavailable)
rPois   +          Reflect  .   (helmet restricted)
rElec   .          Harm     .   (no cloak)
rCorr   .          Rampage  .   (no gloves)
Will    .....      NoTele   +   (no boots)
Stlth   ++++++....              (no amulet)
HPRegen 0.29/turn               (no ring)
MPRegen 0.12/turn               (no ring)

@: no status effects
A: breathe noxious fumes, AC +7, unfitting armour, poison resistance,
cold-blooded
a: Breathe Noxious Fumes, Renounce Religion, Minor Destruction, Lesser Servant
of Makhleb


You were in the Dungeon.
You worshipped Makhleb.
Makhleb was most pleased with you.
You visited 1 branch

Inventory:

Hand Weapons
 h - the +∞ Axe of Woe (weapon)
   (You found it in the Dungeon)
Scrolls
 g - a scroll of blinking
Potions
 a - a potion of ambrosia
 b - a potion of curing
 c - a potion of heal wounds
 d - a potion of haste
 e - 2 potions of magic
 f - a potion of berserk rage


   Skills:
 + Level 16.7 Fighting
 + Level 14.2 Dodging
 + Level 15.2 Stealth
 + Level 15.4 Unarmed Combat


You had 10 spell levels left.
You didn't know any spells.
Your spell library was empty.

Dungeon Overview and Level Annotations

Branches:
Dungeon (1/1)

Altars:
Makhleb


Innate Abilities, Weirdness & Mutations

You can breathe blasts of noxious fumes.
Your lurid green scales are hard. (AC +7)
You cannot fit into any form of body armour.
Your system is resistant to poisons. (rPois)
You are cold-blooded and may be slowed by cold attacks.


Message History

The bag of meat shouts!
You hit the bag of meat.
You dissect the bag of meat like a pig carcass.
You kill the bag of meat!
Makhleb accepts your kill.
You feel better.
You hear a shout! x7
A bag of meat comes into view. It is wielding a +9 war axe.
You hear a shout! x3
The bag of meat hits you with a +9 war axe!!!
You hear a shout!
A bag of meat comes into view. It is wielding a +9 war axe.
The bag of meat moves out of view.
You hear a shout!
Your Fighting skill gained 2 levels and is now at level 16!
Your Dodging skill gained 2 levels and is now at level 14!
Your Stealth skill gained 2 levels and is now at level 15!
Your Unarmed Combat skill gained 2 levels and is now at level 15!
You have reached level 11!
The bag of meat shouts!
You hit the meat berserker.
You dissect the meat berserker like a pig carcass.
You kill the meat berserker!
Makhleb accepts your kill.
You hit the bag of meat.
You pulverise the bag of meat into a thin bloody mist.
You kill the bag of meat!
Makhleb accepts your kill.
You can now summon a lesser servant of Makhleb.
You hear a shout! x2
A meat berserker comes into view. It is wielding a +9 battleaxe.
You hear a shout! x3
The meat berserker completely misses you.
A meat berserker comes into view. It is wielding a +9 battleaxe.
You hear a shout! x6
The bag of meat hits you with a +9 war axe!
* * * LOW HITPOINT WARNING * * *
You hear a shout!
The meat berserker hits you with a +9 battleaxe!!!
You die...

...###... ..###.
........###......
.#........_......
.......#.....#
......o#_.<._#
.......#.....#..
.#........_......
......)).###......
...###@Oo....###.
.. #.o.....#
#oo.....#
.oooO.....
.....oo....
.......oO..
...o.......#
.#........#


You could see 3 meat berserkers and 12 bags of meat.

Vanquished Creatures
  An ogre (D)
  3 orcs (D)
4 creatures vanquished.

Notes
Turn   | Place    | Note
-------+----------+-------------------------------------------
     0 | D        | Found the +∞ Axe of Woe
     0 | D        | sanboga the Draconian Monk began the quest for the Orb.
     0 | D        | Reached XP level 1. HP: 19/19 MP: 1/1
     2 | D        | Noticed a bag of meat
     4 | D        | Became a worshipper of Makhleb the Destroyer
     4 | D        | Reached * piety under Makhleb
     4 | D        | Reached ** piety under Makhleb
     4 | D        | Noticed a bag of meat
     5 | D        | Noticed a bag of meat
     7 | D        | Noticed a bag of meat
     7 | D        | Noticed a bag of meat
     7 | D        | Noticed a meat berserker
     7 | D        | Noticed a meat berserker
     7 | D        | Noticed a bag of meat
     8 | D        | Noticed a bag of meat
     8 | D        | Noticed a bag of meat
     8 | D        | Noticed a bag of meat
     8 | D        | Noticed a bag of meat
     8 | D        | Noticed a bag of meat
     9 | D        | Killed a bag of meat
     9 | D        | Noticed a meat berserker
     9 | D        | Noticed a bag of meat
     9 | D        | Noticed a bag of meat
    10 | D        | Reached skill level 14 in Fighting
    10 | D        | Reached XP level 2. HP: 28/47 MP: 2/2
    10 | D        | Reached XP level 3. HP: 32/53 MP: 3/3
    10 | D        | Reached XP level 4. HP: 37/61 MP: 4/4
    10 | D        | Reached XP level 5. HP: 41/68 MP: 5/5
    10 | D        | Reached XP level 6. HP: 45/75 MP: 6/6
    10 | D        | Your scales start taking on a lurid green colour.
    10 | D        | Reached XP level 7. HP: 50/82 MP: 7/7
    10 | D        | Gained mutation: Your system is resistant to poisons.
                  | (rPois) [Green Draconian growth]
    10 | D        | Reached XP level 8. HP: 54/90 MP: 8/8
    10 | D        | Reached XP level 9. HP: 58/96 MP: 9/9
    10 | D        | Reached XP level 10. HP: 63/104 MP: 10/10
    10 | D        | Noticed a bag of meat
    10 | D        | Killed a bag of meat
    10 | D        | Noticed a bag of meat
    10 | D        | Noticed a bag of meat
    11 | D        | Reached skill level 16 in Fighting
    11 | D        | Reached skill level 15 in Stealth
    11 | D        | Reached skill level 15 in Unarmed Combat
    11 | D        | Reached XP level 11. HP: 44/116 MP: 11/11
    11 | D        | Killed a meat berserker
    11 | D        | Killed a bag of meat
    11 | D        | Reached *** piety under Makhleb
    11 | D        | Noticed a meat berserker
    11 | D        | Noticed a meat berserker
    11 | D        | Mangled by a meat berserker

Illustrated notes

Levels and vault maps discovered:
D:        meatsprint

Skill      XL: |  1  2  3  4  5  6  7  8  9 10 |
---------------+-------------------------------+-----
Fighting       | 14 16 | 16.7
Dodging        | 12 14 | 14.2
Stealth        | 13 15 | 15.2
Unarmed Combat | 13 15 | 15.4

Action                   |  1- 3 |  4- 6 |  7- 9 | 10-12 || total
-------------------------+-------+-------+-------+-------++-------
Melee: Executioner's axe |     1 |       |       |     2 ||     3
Dodge: Dodged            |       |       |       |     1 ||     1
